[Event "*** SCC Grand Prix: Titled Tuesday Blitz"]
[Site "Chess.com"]
[Date "2020.10.06"]
[Round "6"]
[White "Sanyura"]
[Black "Abdimalik_Abdisalimov"]
[Result "0-1"]
[WhiteElo "2542"]
[BlackElo "2743"]
[TimeControl "180+1"]
[EndTime "11:04:31 PDT"]
[Termination "Abdimalik_Abdisalimov won by resignation"]

1. d4 b6 2. e4 Bb7 3. Nd2 e6 4. Ngf3 Nf6 5. Bd3 d5 6. Qe2 Be7 7. O-O c5 8. c3 Nc6 9. e5 Nd7 10. a3 g5 11. Re1 g4 12. c4 gxf3 13.
Nxf3 Nxd4 14. Nxd4 cxd4 15. Bh6 Nc5 16. b3 Nxd3 17. Qxd3 dxc4 18. bxc4 Rg8 19. f3 Rg6 20. Bf4 Rc8 21. Rad1 Ba6 22. Kh1 Bxc4 23. Qe4 Qd5 24. Qc2 d3 25. Qa4+ Qd7 0-1

[Event "*** SCC Grand Prix: Titled Tuesday Blitz"]
[Site "Chess.com"]
[Date "2020.10.06"]
[Round "6"]
[White "LedakovAlexandr"]
[Black "misterlamine"]
[Result "1-0"]
[WhiteElo "2447"]
[BlackElo "2324"]
[TimeControl "180+1"]
[EndTime "11:04:32 PDT"]
[Termination "LedakovAlexandr won by resignation"]

1. d4 Nf6 2. Nf3 g6 3. Nc3 Bg7 4. e4 d6 5. Be2 O-O 6. O-O Nbd7 7. e5 Ne8 8. Bf4 b6 9. Re1 e6 10. Bg5 f6 11. exf6 Nexf6 12. Bc4 d5 13. Bb5 h6 14.
Bh4 g5 15. Bg3 Re8 16. Bc6 Rb8 17. Nb5 e5 18. dxe5 Nh5 19. Qxd5+ 1-0

[Event "*** SCC Grand Prix: Titled Tuesday Blitz"]
[Site "Chess.com"]
[Date "2020.10.06"]
[Round "6"]
[White "Jabberwockiez"]
[Black "AnonymusDonkey"]
[Result "0-1"]
[WhiteElo "2236"]
[BlackElo "2410"]
[TimeControl "180+1"]
[EndTime "11:04:39 PDT"]
[Termination "AnonymusDonkey won by resignation"]

1. e4 d6 2. d4 Nf6 3. Nc3 g6 4. Be3 c6 5. f3 Nbd7 6. Qd2 b5 7.
a3 Bg7 8. Bh6 O-O 9. h4 e5 10.
d5 cxd5 11. exd5 a6 12. h5 Re8 13. hxg6 fxg6 14. Bxg7 Kxg7 15. Qh6+ Kg8 16. Ne4 Nf8 17.
Ng5 Qa5+ 18. c3 Bb7 19. Nxh7 N6xh7 20. Qxg6+ Nxg6 0-1

[Event "*** SCC Grand Prix: Titled Tuesday Blitz"]
[Site "Chess.com"]
[Date "2020.10.06"]
[Round "6"]
[White "norwaytoadog"]
[Black "LogoCzar"]
[Result "1-0"]
[WhiteElo "2302"]
[BlackElo "2417"]
[TimeControl "180+1"]
[EndTime "11:04:43 PDT"]
[Termination "norwaytoadog won by checkmate"]

1. e4 e5 2. Nf3 Nc6 3. Bb5 Nf6 4. d3 Bc5 5. Bxc6 dxc6 6. Qe2 Nd7 7. Nbd2 f6 8. O-O Nf8 9. b3 Ng6 10. Nc4 Bg4 11. h3 Be6 12. Be3 Bxe3 13. fxe3 Bxc4 14.
bxc4 O-O 15. Nh2 c5 16. Rf2 c6 17. Nf1 b5 18. cxb5 cxb5 19. Qg4 Qc8 20. Qh5 c4 21. Ng3 cxd3 22. cxd3 Qc3 23. Rd1 Rfd8 24. Rfd2 a5 25. Qf5 b4 26. h4 a4 27. h5 Nf8 28. h6 b3 29. hxg7 Kxg7 30. Nh5+ Kh8 31. Qxf6+ Kg8 32. Qg7# 1-0

[Event "*** SCC Grand Prix: Titled Tuesday Blitz"]
[Site "Chess.com"]
[Date "2020.10.06"]
[Round "6"]
[White "A-Fier"]
[Black "FMJoseHerrera"]
[Result "1-0"]
[WhiteElo "2768"]
[BlackElo "2546"]
[TimeControl "180+1"]
[EndTime "11:04:46 PDT"]
[Termination "A-Fier won by resignation"]

1. e4 c5 2. d4 cxd4 3. c3 d5 4. exd5 Nf6 5. cxd4 g6 6. Nc3 Bg7 7. Qb3 O-O 8. Nge2 Nbd7 9. Nf4 Nb6 10. Be2 Ne8 11.
Be3 Nd6 12. O-O Nf5 13. Rad1 Nxe3 14. fxe3 Nd7 15. e4 a6 16. e5 Qb6 17. Qc2 Nxe5 18. Kh1 Ng4 19. Qd3 Bf5 20. Qg3 Bxd4 21. Bxg4 Bxg4 22.
Qxg4 Qxb2 23. Rxd4 Qxc3 24. Rd3 Qc4 25. Rdf3 b5 26. Qg5 b4 27. Qh6 Kh8 28. Nxg6+ 1-0

[Event "*** SCC Grand Prix: Titled Tuesday Blitz"]
[Site "Chess.com"]
[Date "2020.10.06"]
[Round "6"]
[White "kngopal"]
[Black "Eliwood44"]
[Result "1-0"]
[WhiteElo "2243"]
[BlackElo "2391"]
[TimeControl "180+1"]
[EndTime "11:05:01 PDT"]
[Termination "kngopal won by resignation"]

1. e4 e5 2. Nf3 Nc6 3. Bc4 Nf6 4. d3 h6 5. O-O Bd6 6. c3 O-O 7. Bb3 Re8 8. Be3 Bf8 9. Nbd2 d5 10. h3 d4 11. cxd4 exd4 12. Bf4 Bd6 13. Bxd6 Qxd6 14. Nc4 Qd8 15. a4 Be6 16. Rc1 a5 17. Qd2 Qd7 18. Nce5 Nxe5 19. Nxe5 Qe7 20. Bxe6 Qxe6 21. f4 c6 22. b4 axb4 23. Qxb4 Nd7 24. Qxb7 Nxe5 25. fxe5 Rxa4 26. Rxc6 Qa2 27. e6 Rxe6 28. Qxf7+ Kh8 29. Rxe6 1-0

[Event "*** SCC Grand Prix: Titled Tuesday Blitz"]
[Site "Chess.com"]
[Date "2020.10.06"]
[Round "6"]
[White "kot60"]
[Black "nocnypako"]
[Result "0-1"]
[WhiteElo "2428"]
[BlackElo "2555"]
[TimeControl "180+1"]
[EndTime "11:05:07 PDT"]
[Termination "nocnypako won by resignation"]

1. e4 c5 2. Nc3 d6 3. Bc4 e6 4. d3 Nf6 5. Nge2 Be7 6. O-O O-O 7. a4 d5 8. exd5 exd5 9. Bb3 d4 10. Ne4 Nxe4 11. dxe4 Be6 12. Nf4 Bxb3 13. cxb3 Nd7 14. Bd2 Bd6 15. Nd3 f5 16. exf5 Rxf5 17. Qc2 Qf6 18. b4 Re8 19. bxc5 Bxh2+ 20. Kh1 Qh4 0-1

[Event "*** SCC Grand Prix: Titled Tuesday Blitz"]
[Site "Chess.com"]
[Date "2020.10.06"]
[Round "6"]
[White "MPGM"]
[Black "Kaslask"]
[Result "1-0"]
[WhiteElo "2458"]
[BlackElo "2331"]
[TimeControl "180+1"]
[EndTime "11:05:11 PDT"]
[Termination "MPGM won by resignation"]

1. c4 e5 2. e3 Nf6 3. Nc3 Nc6 4.
Nf3 d6 5. d4 exd4 6. exd4 Be7 7. Be2 O-O 8. O-O d5 9. h3 Bf5 10. cxd5 Nxd5 11. Qb3 Ndb4 12. d5 Na5 13. Qa4 Bc2 14.
Qxa5 b6 15. Qb5 a6 16. Qc4 b5 17. Qd4 a5 18. a3 Bf6 19. Qd2 Bg6 20. axb4 axb4 21. Rxa8 Qxa8 22. Nxb5 Qb7 23. Qxb4 Qxd5 24. Nxc7 Qd7 25. Bf4 Re8 26. Bb5 1-0

[Event "*** SCC Grand Prix: Titled Tuesday Blitz"]
[Site "Chess.com"]
[Date "2020.10.06"]
[Round "6"]
[White "CrazyMartian"]
[Black "pfalcon1949"]
[Result "1-0"]
[WhiteElo "2278"]
[BlackElo "2020"]
[TimeControl "180+1"]
[EndTime "11:05:13 PDT"]
[Termination "CrazyMartian won by resignation"]

1. d4 Nf6 2. c4 e6 3. Nc3 Bb4 4.
e3 b6 5. Ne2 Bb7 6. a3 Bxc3+ 7.
Nxc3 c5 8. d5 exd5 9. cxd5 d6 10.
Bc4 Ba6 11. Bxa6 Nxa6 12. Qa4+ Qd7 13. Qxa6 O-O 14. O-O Rfe8 15. e4 Qg4 16. f3 Qh5 17.
Bf4 g5 18. Bxd6 g4 19. Qe2 Rad8 20. Bg3 gxf3 21. Qxf3 Qxf3 22. gxf3 Nh5 23. Kf2 f5 24. exf5 Rf8 25. Rae1 Rxf5 26. Re7 Rdf8 27. Kg2 a5 28. d6 Kh8 29. d7 Rd8 30. Re8+ Rf8 31. Rxf8+ Rxf8 32. Rd1 Rd8 33. Bc7 Rg8+ 34. Kf2 1-0

[Event "*** SCC Grand Prix: Titled Tuesday Blitz"]
[Site "Chess.com"]
[Date "2020.10.06"]
[Round "6"]
[White "ChessicallyInclined"]
[Black "aloe_normansen"]
[Result "1-0"]
[WhiteElo "2527"]
[BlackElo "2364"]
[TimeControl "180+1"]
[EndTime "11:05:38 PDT"]
[Termination "ChessicallyInclined won by resignation"]

1. d4 Nf6 2. c4 g6 3. Nc3 Bg7 4.
e4 d6 5. f3 O-O 6. Be3 a6 7. Nge2 Nbd7 8. Qd2 b5 9. Nf4 bxc4 10.
Bxc4 e5 11. dxe5 Nxe5 12. Bb3 a5 13. O-O Ba6 14. Rfd1 Nc4 15. Bxc4 Bxc4 16. b3 Ba6 17. Rac1 Qd7 18. Ncd5 Nxd5 19. Nxd5 Rfc8 20. Bh6 Bh8 21.
Qg5 Bg7 22. Nf6+ 1-0

[Event "*** SCC Grand Prix: Titled Tuesday Blitz"]
[Site "Chess.com"]
[Date "2020.10.06"]
[Round "6"]
[White "Chessbard1972"]
[Black "Gerasimenyuk_Miha"]
[Result "0-1"]
[WhiteElo "2268"]
[BlackElo "2421"]
[TimeControl "180+1"]
[EndTime "11:05:40 PDT"]
[Termination "Gerasimenyuk_Miha won by resignation"]

1. d4 d5 2. c4 Nc6 3. cxd5 Qxd5 4. e3 e5 5. Nc3 Bb4 6. Nf3 exd4 7.
exd4 Bg4 8. Be2 O-O-O 9. Be3 Nf6 10. O-O Qh5 11. h3 Bd6 12. Nb5 Bxf3 13. Nxd6+ Rxd6 14. Bxf3 Qg6 15. Rc1 Nd5 16. Qa4 Kb8 17. Rc5 Nb6 18. Qd1 Rhd8 19. Qc1 h6 20. Bf4 Rf6 21. Bxc6 Rxc6 22. Rxc6 Qxc6 23. Qxc6 bxc6 24. Be3 Kb7 25.
Rc1 Rd5 26. Rc5 Rd7 27. Re5 Nd5 28. Kf1 f6 29. Re6 Kb6 30. Ke2 Kb5 31. Kd2 c5 32. Ke2 cxd4 33. Bxd4 Nf4+ 0-1

[Event "*** SCC Grand Prix: Titled Tuesday Blitz"]
[Site "Chess.com"]
[Date "2020.10.06"]
[Round "6"]
[White "Colombiano07"]
[Black "Khnykin_Nikolay"]
[Result "1-0"]
[WhiteElo "2317"]
[BlackElo "2045"]
[TimeControl "180+1"]
[EndTime "11:05:47 PDT"]
[Termination "Colombiano07 won on time"]

1. d4 e6 2. Nc3 b6 3. e4 Bb7 4. Bd3 Be7 5. Nf3 d6 6. O-O Nf6 7. Qe2 Nbd7 8. a3 a6 9. h3 c5 10. e5 dxe5 11. dxe5 Bxf3 12. Qxf3 Nxe5 13. Qg3 Bd6 14.
Qxg7 Rg8 15. Qh6 Bc7 16. Bg5 Qd6 17. f4 Nxd3 18. cxd3 Rg6 19. Qh4 Nd5 20. Ne4 Qc6 21. Qxh7 c4 22. dxc4 Qxc4 23. Qh8+ Kd7 24. Qxa8 1-0

[Event "*** SCC Grand Prix: Titled Tuesday Blitz"]
[Site "Chess.com"]
[Date "2020.10.06"]
[Round "6"]
[White "shineatchess"]
[Black "gagtemp"]
[Result "1-0"]
[WhiteElo "2174"]
[BlackElo "1946"]
[TimeControl "180+1"]
[EndTime "11:05:50 PDT"]
[Termination "shineatchess won by resignation"]

1. e4 d5 2. exd5 Qxd5 3. Nc3 Qd6 4. d4 Nf6 5. g3 c6 6. Bg2 Bg4 7. Nf3 e6 8. h3 Bh5 9. Bf4 Qb4 10. Qd2 Nbd7 11. O-O Be7 12. a3 Qa5 13. Ne5 O-O 14. Nd5 Qd8 15. Nxe7+ Qxe7 16. Nc4 c5 17. Bd6 Qd8 18.
Bxf8 Nxf8 19. dxc5 Qxd2 20. Nxd2 Rd8 21. Ne4 Nxe4 22.
Bxe4 Rd2 23. Bd3 Be2 24. Bxe2 Rxe2 25. Rac1 Nd7 26. Rfd1 1-0

[Event "*** SCC Grand Prix: Titled Tuesday Blitz"]
[Site "Chess.com"]
[Date "2020.10.06"]
[Round "6"]
[White "Kacparov"]
[Black "Kavyev_Ruslan"]
[Result "1-0"]
[WhiteElo "2755"]
[BlackElo "2583"]
[TimeControl "180+1"]
[EndTime "11:05:55 PDT"]
[Termination "Kacparov won by resignation"]

1. e4 c5 2. Nf3 d6 3. d4 cxd4 4. Nxd4 Nf6 5. f3 e5 6. Nb3 Be6 7. c4 Nbd7 8. Be3 a6 9. Nc3 Be7 10. Nd5 Bxd5 11. cxd5 O-O 12. Bd3 Nh5 13. g3 Bg5 14.
Bf2 Rc8 15. O-O Be7 16. Qd2 Qc7 17. Rac1 Qb8 18. Be3 Rxc1 19. Rxc1 Rc8 20. Na5 Bd8 21. Rxc8 Qxc8 22. Nc4 Bc7 23. Qb4 Qb8 24. Na5 b5 25. Nc6 Qb7 26. Kg2 f5 27. a4 f4 28. Bf2 Bb6 29.
Qxd6 Bxf2 30. Qe6+ Kf8 31. Qe7+ Kg8 32. Qe8+ Nf8 33.
Ne7+ Qxe7 34. Qxe7 fxg3 35. hxg3 Bxg3 36. d6 Be1 37. d7 Nf4+ 38. Kf1 Nxd7 39. Qxd7 1-0

[Event "*** SCC Grand Prix: Titled Tuesday Blitz"]
[Site "Chess.com"]
[Date "2020.10.06"]
[Round "6"]
[White "FramboiseDePrintemps"]
[Black "chessfrendz"]
[Result "1-0"]
[WhiteElo "2665"]
[BlackElo "2380"]
[TimeControl "180+1"]
[EndTime "11:06:04 PDT"]
[Termination "FramboiseDePrintemps won by checkmate"]

1. d4 Nf6 2. c4 e6 3. Nf3 d5 4. Nc3 Be7 5. Bg5 O-O 6. e3 c6 7. Rc1 h6 8. Bh4 Nbd7 9. Qc2 Re8 10.
a3 a6 11. Bd3 dxc4 12. Bxc4 b5 13. Ba2 Bb7 14. O-O Rc8 15. Rfd1 Qb6 16. Ne5 c5 17. Bb1 Red8 18. Nxd7 Rxd7 19. Bxf6 Bxf6 20. Qh7+ Kf8 21. Ne4 Bxe4 22. Qh8+ Ke7 23. Qxc8 Bxb1 24. Qxd7+ Kxd7 25. dxc5+ Ke7 26. cxb6 Be4 27. Rc7+ Ke8 28. f3 Bd5 29. Rxd5 exd5 30. b7 Kd8 31. b8=Q# 1-0

[Event "*** SCC Grand Prix: Titled Tuesday Blitz"]
[Site "Chess.com"]
[Date "2020.10.06"]
[Round "6"]
[White "Omk124"]
[Black "stanyga"]
[Result "0-1"]
[WhiteElo "2472"]
[BlackElo "2617"]
[TimeControl "180+1"]
[EndTime "11:06:05 PDT"]
[Termination "stanyga won by checkmate"]

1. e4 e5 2. Nf3 Nc6 3. Bc4 Bc5 4. c3 Nf6 5. d3 d6 6. Nbd2 a6 7. Bb3 Ba7 8. Nf1 Ne7 9. Ng3 Ng6 10. O-O O-O 11. h3 h6 12. d4 Re8 13. Re1 Nh7 14.
Nf5 Qf6 15. dxe5 Nxe5 16. Nxe5 Rxe5 17. Qf3 Bxf5 18. Bf4 Bg6 19. Bxe5 Qxe5 20. Rad1 Ng5 21. Qg4 Nxe4 22. Qxg6 Bxf2+ 23. Kf1 Bxe1 24. Bxf7+ Kf8 25. Rxe1 Qf4+ 26. Ke2 Qd2+ 27. Kf3 Ng5+ 28. Kg4 Qxg2+ 29.
Kf4 Qf3# 0-1

[Event "*** SCC Grand Prix: Titled Tuesday Blitz"]
[Site "Chess.com"]
[Date "2020.10.06"]
[Round "6"]
[White "SanchezKelvin"]
[Black "Quiet_Desperation"]
[Result "1-0"]
[WhiteElo "2386"]
[BlackElo "1928"]
[TimeControl "180+1"]
[EndTime "11:06:05 PDT"]
[Termination "SanchezKelvin won by resignation"]

1. e4 e6 2. d4 d5 3. Nd2 Nf6 4. e5 Nfd7 5. f4 c5 6. c3 Nc6 7. Ndf3 Qb6 8. g3 cxd4 9. cxd4 f6 10. Bd3 Be7 11. Ne2 O-O 12. Nc3 fxe5 13. fxe5 Ndxe5 14. dxe5 Nxe5 15. Rf1 Ng4 16. h3 Ne3 17. Bxe3 Qxe3+ 18. Qe2 Qb6 19. Ne5 Rxf1+ 20. Kxf1 Bf6 21. Ng4 Bd4 22.
Kg2 Bd7 23. Rf1 h5 24. Ne5 Bxe5 25. Qxe5 Qxb2+ 26. Rf2 Qb6 27. Qxh5 1-0

[Event "*** SCC Grand Prix: Titled Tuesday Blitz"]
[Site "Chess.com"]
[Date "2020.10.06"]
[Round "6"]
[White "SHIVACalypso"]
[Black "zubridis"]
[Result "0-1"]
[WhiteElo "2351"]
[BlackElo "2473"]
[TimeControl "180+1"]
[EndTime "11:06:10 PDT"]
[Termination "zubridis won by checkmate"]

1. Nf3 e6 2. c4 d5 3. g3 Nf6 4. Bg2 Be7 5. O-O O-O 6. d4 dxc4 7. Qc2 a6 8. a4 b5 9. axb5 Bb7 10. bxa6 Nxa6 11.
Qxc4 Nb4 12. Rxa8 Qxa8 13. Nh4 Nfd5 14. Nc3 Bxh4 15. gxh4 Nxc3 16. Bxb7 Nxe2+ 17. Qxe2 Qxb7 18. Be3 Qe4 19. Rc1 Nd5 20. Qc2 Qg4+ 21. Kf1 Qxh4 22.
Kg2 Qg4+ 23. Kf1 Qf3 24. Kg1 f5 25. Qd1 Qh3 26. Qf1 Qh5 27. Qg2 f4 28. Bd2 Rf6 29.
Qe4 f3 30. Kh1 Rg6 31. Ra1 h6 32. Ra8+ Kh7 33. Rf8 Qh3 34. Qxf3 Qf1# 0-1

[Event "*** SCC Grand Prix: Titled Tuesday Blitz"]
[Site "Chess.com"]
[Date "2020.10.06"]
[Round "6"]
[White "Revnov"]
[Black "vladislavkovalev"]
[Result "0-1"]
[WhiteElo "2695"]
[BlackElo "2872"]
[TimeControl "180+1"]
[EndTime "11:06:11 PDT"]
[Termination "vladislavkovalev won by resignation"]

1. e4 e5 2. Nf3 Nc6 3. Bc4 Nf6 4. d3 Be7 5. O-O O-O 6. Re1 d6 7. a4 a6 8. h3 Kh8 9. Nc3 Ng8 10. Nd5 f5 11. b4 Nf6 12. Ra3 Nxd5 13. exd5 Nb8 14. a5 Nd7 15. Ba2 Nf6 16. c4 Qe8 17. d4 e4 18. Ng5 c6 19. dxc6 bxc6 20. d5 cxd5 21.
cxd5 h6 22. Ne6 Bxe6 23. dxe6 d5 24. Rb3 Rb8 25. Bd2 d4 26. Bf4 Rxb4 0-1

[Event "*** SCC Grand Prix: Titled Tuesday Blitz"]
[Site "Chess.com"]
[Date "2020.10.06"]
[Round "6"]
[White "RestartingChess"]
[Black "Sven_Tica"]
[Result "0-1"]
[WhiteElo "2484"]
[BlackElo "2651"]
[TimeControl "180+1"]
[EndTime "11:06:12 PDT"]
[Termination "Sven_Tica won by resignation"]

1. e4 c5 2. Nf3 Nf6 3. e5 Nd5 4.
c4 Nc7 5. b3 Nc6 6. Bb2 Ne6 7.
Be2 g6 8. O-O Bg7 9. Re1 O-O 10.
d3 d6 11. Bf1 dxe5 12. Nxe5 Nxe5 13. Bxe5 Bxe5 14. Rxe5 Qd4 15. Rxe6 Bxe6 16. Nd2 Rad8 17. Nf3 Qb2 18. Rb1 Qf6 19. Qe1 b6 20. h3 Bf5 21.
Rd1 Rd6 22. Qe3 Rfd8 23. g4 Bc8 24. Bg2 Bb7 25. Ne5 Bxg2 26. Kxg2 Rd4 27. Qf3 Qxf3+ 28. Kxf3 f6 29. Nc6 Rxd3+ 30. Rxd3 Rxd3+ 31. Ke4 Rd7 32. f4 Kf7 33. f5 gxf5+ 34. gxf5 e6 35. fxe6+ Kxe6 36. b4 f5+ 37. Ke3 Rc7 38. b5 Kd6 39.
Kf4 Ke6 40. h4 a6 41. a4 axb5 42. axb5 Rg7 43. Ne5 Kf6 44. Nf3 Rg4+ 45. Ke3 Rxc4 46. h5 h6 47. Kd3 Rb4 48. Nd2 Rd4+ 49. Ke3 Rxd2 50. Kxd2 Ke5 0-1

[Event "*** SCC Grand Prix: Titled Tuesday Blitz"]
[Site "Chess.com"]
[Date "2020.10.06"]
[Round "6"]
[White "Balla_Tamas"]
[Black "VladimirBugayev"]
[Result "1-0"]
[WhiteElo "2440"]
[BlackElo "2302"]
[TimeControl "180+1"]
[EndTime "11:06:14 PDT"]
[Termination "Balla_Tamas won by checkmate"]

1. e4 c6 2. d4 d5 3. exd5 cxd5 4. Bd3 Nc6 5. c3 Nf6 6. Bf4 Bg4 7. Qb3 Qd7 8. Nd2 e6 9. Ngf3 Be7 10. O-O O-O 11.
Rae1 Bd6 12. Ne5 Qc7 13. h3 Bh5 14. g4 Bg6 15. Nxg6 hxg6 16. Bxd6 Qxd6 17. f4 Rfc8 18. Kg2 Na5 19. Qc2 Nc4 20. Nxc4 dxc4 21. Be4 Nd5 22.
Bxd5 Qxd5+ 23. Kg3 b5 24. Re5 Qd7 25. a3 a5 26. h4 b4 27. h5 gxh5 28. Rxh5 g6 29. Rh6 Kg7 30. Rfh1 Rh8 31. Qh2 Rxh6 32. Qxh6+ Kf6 33. Qg5+ Kg7 34. Qe5+ f6 35. Qe4 bxa3 36. Qxa8 axb2 37. Qh8+ Kf7 38. Rh7# 1-0

[Event "*** SCC Grand Prix: Titled Tuesday Blitz"]
[Site "Chess.com"]
[Date "2020.10.06"]
[Round "6"]
[White "SilviusTiberius"]
[Black "SharapovEvgeny"]
[Result "1/2-1/2"]
[WhiteElo "2639"]
[BlackElo "2473"]
[TimeControl "180+1"]
[EndTime "11:06:17 PDT"]
[Termination "Game drawn by agreement"]

1. e4 c5 2. Nf3 d6 3. d4 cxd4 4. Nxd4 Nf6 5. Nc3 Nc6 6. Bg5 Qb6 7. Bxf6 gxf6 8. Nb3 f5 9. Nd5 Qd8 10. exf5 Bxf5 11. Bd3 Bxd3 12. Qxd3 Bg7 13. O-O-O O-O 14. Kb1 a5 15. a3 a4 16. Nd2 Rc8 17. Rhe1 e6 18.
Nf4 Qf6 19. Nc4 Qxf4 20. Re3 Nb4 21. axb4 Qxc4 22. Qd2 a3 23. Rg3 a2+ 24. Ka1 Qxc2 25. Qd4 e5 26. Qg4 Qg6 27. Qh4 Qe6 28. Qg5 Qg6 29.
Qh4 Qe6 30. Qg5 1/2-1/2

[Event "*** SCC Grand Prix: Titled Tuesday Blitz"]
[Site "Chess.com"]
[Date "2020.10.06"]
[Round "6"]
[White "HanSchut"]
[Black "mapleaff"]
[Result "1-0"]
[WhiteElo "2246"]
[BlackElo "2345"]
[TimeControl "180+1"]
[EndTime "11:06:20 PDT"]
[Termination "HanSchut won by resignation"]

1. e4 c5 2. Nf3 b6 3. c4 Bb7 4.
Nc3 e6 5. Be2 Ne7 6. d4 cxd4 7.
Nxd4 a6 8. Be3 d6 9. O-O Nd7 10. Rc1 Nc6 11. f3 Be7 12. Qd2 O-O 13. Rfd1 Qc7 14. Nd5 Qd8 15. Nxc6 Bxc6 16. Nxe7+ Qxe7 17. Qxd6 Qxd6 18. Rxd6 Rac8 19. Rcd1 Nc5 20. b3 a5 21. Kf2 h6 22. Bd3 f5 23. exf5 exf5 24. Bc2 h5 25.
Bf4 h4 26. h3 Ba8 27. Bg5 Rce8 28. Bxh4 f4 29. Rd8 Kf7 30. Rxe8 Rxe8 31. Rd8 Ne6 32. Bg6+ Kxg6 33. Rxe8 1-0

[Event "*** SCC Grand Prix: Titled Tuesday Blitz"]
[Site "Chess.com"]
[Date "2020.10.06"]
[Round "6"]
[White "W_Amadeus"]
[Black "Duhless"]
[Result "0-1"]
[WhiteElo "2711"]
[BlackElo "2959"]
[TimeControl "180+1"]
[EndTime "11:06:21 PDT"]
[Termination "Duhless won on time"]

1. d4 Nf6 2. Nf3 g6 3. c4 Bg7 4. Nc3 d5 5. cxd5 Nxd5 6. e4 Nxc3 7. bxc3 c5 8. Bb5+ Nd7 9. O-O O-O 10. Re1 a6 11. Bf1 b5 12. a4 b4 13. cxb4 cxd4 14. Nxd4 Bb7 15. f3 Rc8 16. Be3 Ne5 17. b5 axb5 18.
axb5 Rc3 19. Rc1 Rxe3 20. Rxe3 Qb6 21. Rc2 Rd8 22. Rd2 Nxf3+ 23. gxf3 Rxd4 24. Kf2 Be5 25. Rxd4 Bxd4 26. Qd3 e5 27. Qd2 Qc5 28. Qd3 Bc8 29.
Qd2 Bd7 30. Ke2 Bxb5+ 31. Rd3 Bg1 32. Kd1 Bd4 33. Rb3 Ba4 0-1

[Event "*** SCC Grand Prix: Titled Tuesday Blitz"]
[Site "Chess.com"]
[Date "2020.10.06"]
[Round "6"]
[White "AleksanderHnydiuk"]
[Black "Smirnov_Pavel"]
[Result "0-1"]
[WhiteElo "2551"]
[BlackElo "2795"]
[TimeControl "180+1"]
[EndTime "11:06:24 PDT"]
[Termination "Smirnov_Pavel won on time"]

1. e4 c5 2. Nf3 Nc6 3. d4 cxd4 4. Nxd4 Nf6 5. Nc3 e5 6. Ndb5 d6 7. Bg5 a6 8. Na3 b5 9. Nd5 Be7 10. Bxf6 Bxf6 11. c3 O-O 12. Nc2 Rb8 13. Be2 Bg5 14. O-O Kh8 15. Qd3 f5 16. Bf3 f4 17.
Rfd1 a5 18. b4 Be6 19. a4 bxa4 20. b5 Ne7 21. Nxe7 Bxe7 22. Rxa4 Bb3 23. Raa1 a4 24. Rd2 Qa5 25. Be2 d5 26. exd5 Rfd8 27. Bf3 Qxb5 28. Qxb5 Rxb5 29. Na3 Rc5 30. c4 Rcc8 31. Nb5 Bb4 32.
Rd3 Bxc4 33. Na7 Bxd3 34. Nxc8 Rxc8 0-1

[Event "*** SCC Grand Prix: Titled Tuesday Blitz"]
[Site "Chess.com"]
[Date "2020.10.06"]
[Round "6"]
[White "SophieNikoladze"]
[Black "nelsoncopa"]
[Result "1-0"]
[WhiteElo "2272"]
[BlackElo "1664"]
[TimeControl "180+1"]
[EndTime "11:06:27 PDT"]
[Termination "SophieNikoladze won by resignation"]

1. d4 d5 2. Nf3 e6 3. e3 Nf6 4.
Bd3 Bd6 5. b3 c6 6. Nbd2 O-O 7.
Bb2 Nbd7 8. O-O Re8 9. Ne5 Nf8 10. f4 N6d7 11. Qf3 f5 12. g4 g6 13. Kh1 Nf6 14.
Rg1 Ne4 15. Nf1 Bxe5 16. dxe5 Bd7 17. gxf5 exf5 18. Ng3 Be6 19. Rad1 Qe7 20. Qg2 Rad8 21. Nh5 Kh8 22. Nf6 Nxf6 23. exf6 Qf7 24. h4 Nd7 25. Qg5 Rg8 26. Rg2 Nc5 27. Rdg1 Ne4 28. Bxe4 fxe4 29. Qh6 Bf5 30. h5 c5 31. hxg6 Bxg6 32. Rxg6 Rxg6 33. Rxg6 Rg8 34. Rg7 Rxg7 35. Qxg7+ Qxg7 36. fxg7+ Kg8 37. f5 b5 38. b4 c4 39. Bd4 a6 40. Kg2 h6 41. Kg3 Kf7 42. Kh4 Kg8 43. Kh5 Kf7 44. Kxh6 Kg8 45. a3 1-0

[Event "*** SCC Grand Prix: Titled Tuesday Blitz"]
[Site "Chess.com"]
[Date "2020.10.06"]
[Round "6"]
[White "frederiksvane"]
[Black "AlexeiShirov"]
[Result "0-1"]
[WhiteElo "2670"]
[BlackElo "2849"]
[TimeControl "180+1"]
[EndTime "11:06:29 PDT"]
[Termination "AlexeiShirov won by resignation"]

1. e4 e5 2. Nf3 Nc6 3. Bb5 a6 4. Ba4 Nf6 5. O-O b5 6. Bb3 Bc5 7. Nxe5 Nxe5 8. d4 Bxd4 9. Qxd4 d6 10. f4 c5 11. Qd1 Neg4 12. e5 c4 13. exf6 Qb6+ 14.
Kh1 O-O 15. Qf3 cxb3 16. axb3 Nxf6 17. Nc3 Bb7 18. Be3 Qc7 19. Qg3 b4 20. Bd4 Nh5 21.
Qg4 g6 22. f5 bxc3 23. bxc3 Rae8 24. Rae1 Rxe1 25. Rxe1 Qd7 26. Re3 Qxf5 27. Qxf5 gxf5 28. Rh3 Nf4 29. Rg3+ Ng6 30. h4 h5 31. Rg5 Re8 32.
Rxh5 Bxg2+ 33. Kg1 Be4 34. Rg5 Kh7 35. h5 Ne5 0-1

[Event "*** SCC Grand Prix: Titled Tuesday Blitz"]
[Site "Chess.com"]
[Date "2020.10.06"]
[Round "6"]
[White "BanjoKazooieN64"]
[Black "Matveev_Vladimir"]
[Result "1/2-1/2"]
[WhiteElo "2484"]
[BlackElo "2614"]
[TimeControl "180+1"]
[EndTime "11:06:31 PDT"]
[Termination "Game drawn by repetition"]

1. e4 c5 2. Nc3 d6 3. Nf3 Nf6 4. d4 cxd4 5. Nxd4 a6 6. Rg1 e5 7. Nb3 Be6 8. g4 d5 9. g5 Nxe4 10. Nxe4 dxe4 11. Qxd8+ Kxd8 12. Bg2 Kc7 13. Bxe4 Nc6 14.
Be3 Rd8 15. c3 b6 16. h4 a5 17. Nd2 a4 18. a3 Bc5 19. Bxc5 bxc5 20. Bxc6 Kxc6 21.
Nf3 Kd5 22. Nd2 e4 23. O-O-O Ke5 24. Rde1 Rxd2 25. Kxd2 Rd8+ 26. Kc1 Kf4 27. Re3 Rd3 28. Rxd3 exd3 29. Rg3 c4 30. Kd2 Bd5 31. Ke1 Bf3 32. Kd2 Bd5 33. Ke1 Be4 34. Kd2 Bd5 1/2-1/2

[Event "*** SCC Grand Prix: Titled Tuesday Blitz"]
[Site "Chess.com"]
[Date "2020.10.06"]
[Round "6"]
[White "ViktoriyaTarasova"]
[Black "Evachess2006"]
[Result "1-0"]
[WhiteElo "2269"]
[BlackElo "1627"]
[TimeControl "180+1"]
[EndTime "11:06:32 PDT"]
[Termination "ViktoriyaTarasova won by checkmate"]

1. d4 d5 2. c4 dxc4 3. e4 e6 4. Bxc4 Bb4+ 5. Nc3 Nf6 6. e5 Nd5 7. Ne2 O-O 8. O-O Nxc3 9. bxc3 Be7 10. Qc2 b6 11. Bd3 h6 12. Be4 c6 13. f4 Bb7 14. f5 exf5 15. Rxf5 Nd7 16. Be3 Qc7 17. Raf1 c5 18. Bxb7 Qxb7 19. Ng3 cxd4 20. cxd4 Rac8 21. Qb3 a5 22. Rxf7 a4 23. Rxf8+ Kh7 24. Qd3+ g6 25.
R1f7# 1-0

[Event "*** SCC Grand Prix: Titled Tuesday Blitz"]
[Site "Chess.com"]
[Date "2020.10.06"]
[Round "6"]
[White "chessmachine14"]
[Black "akanga001"]
[Result "1-0"]
[WhiteElo "2278"]
[BlackElo "1872"]
[TimeControl "180+1"]
[EndTime "11:06:35 PDT"]
[Termination "chessmachine14 won by checkmate"]

1. e4 e5 2. Nf3 Nc6 3. Bb5 a6 4. Ba4 Nf6 5. O-O Be7 6. d3 b5 7. Bb3 d6 8. a3 O-O 9. Nc3 Nb8 10. Bg5 Nbd7 11. a4 b4 12. Nd5 Nxd5 13. Bxd5 Rb8 14. Bd2 a5 15. d4 exd4 16. Nxd4 Nc5 17. Nc6 Qe8 18. Nxb8 Be6 19. Nc6 Bf6 20. c3 bxc3 21. Bxc3 Bxc3 22. bxc3 Bd7 23. Nxa5 Qe5 24. Qd4 Qg5 25. f4 Qg6 26. f5 Qg5 27. Rf3 g6 28.
Rg3 Qh5 29. Rf1 c6 30. Nxc6 Bxc6 31. Bxc6 Nb3 32. Qf6 Nd2 33. fxg6 hxg6 34. Bd5 Nxf1 35. Rxg6+ Qxg6 36. Qxg6+ Kh8 37. Bxf7 Ne3 38. Qh6# 1-0